 Dungeon Crawl Stone Soup version 0.26.1 (webtiles) character file.

Game seed: 17253257746957773788

203762 teolandon225 the Unseen (level 17, -5/99 HPs)
             Began as a Spriggan Enchanter on Feb 4, 2021.
             Was a High Priest of Ashenzari.
             Slain by a faun
             ... wielding a +0 antimagic quarterstaff
             ... led by a satyr
              (22 damage)
             ... on level 1 of the Shoals on Feb 5, 2021.
             The game lasted 03:01:32 (85496 turns).

teolandon225 the Unseen (Spriggan Enchanter)       Turns: 85496, Time: 03:01:33

Health: -5/99      AC: 11    Str: 17    XL:     17   Next: 99%
Magic:  6/28       EV: 37    Int: 28    God:    Ashenzari [*****.]
Gold:   1249       SH:  0    Dex: 23    Spells: 9/26 levels left

rFire    + + .     SeeInvis +   Z - +7 trident "Etinuj" {venom, rElec Str+6 Dex+4} (curse)
rCold    + . .     Faith    .   (shield currently unavailable)
rNeg     . . .     Spirit   .   c - +2 robe {rC+ rF+} (curse)
rPois    +         Reflect  .   (helmet restricted)
rElec    +         Harm     .   y - +2 cloak {rPois} (curse)
rCorr    .         Rampage  .   (gloves unavailable)
Will     +++..     Clarity  +   (boots unavailable)
Stlth    ++++++++..             a - amulet "Bulyd" {RegenMP Will+ Int+6}
HPRegen  0.26/turn              h - +6 ring of strength
MPRegen  0.46/turn              b - +4 ring of protection

@: very quick
A: very small, unfitting armour, horns 1, see invisible, agile 1, clarity, fire
resistance 1, speed 3, high mp 1
}: 1/15 runes: serpentine
a: Renounce Religion, End Transfer Knowledge, Curse Item, Scrying, Transfer
Knowledge


You were on level 1 of the Shoals.
You worshipped Ashenzari.
Ashenzari was extremely pleased with you.
You visited 5 branches of the dungeon, and saw 29 of its levels.
You also visited: Sewer.

You collected 3121 gold pieces.
You spent 1872 gold pieces at shops.

Inventory:

Hand Weapons
 M - the +8 demon trident "Rift" {distort, reach+}
   (You found it on level 14 of the Dungeon)

   It warps and distorts space around it.
   Unwielding it can cause banishment or high damage.
 Z - the cursed +7 trident "Etinuj" (weapon) {venom, rElec Str+6 Dex+4}
   (You found it on level 6 of the Lair of Beasts)

   It poisons the flesh of those it strikes.
   It affects your strength (+6).
   It affects your dexterity (+4).
   It insulates you from electricity.
   It has a curse placed upon it.
Missiles
 l - 666 stones
Armour
 c - a cursed +2 robe of resistance (worn)
 y - a cursed +2 cloak of poison resistance (worn)
 T - a +2 robe of willpower
Jewellery
 a - the amulet "Bulyd" (around neck) {RegenMP Will+ Int+6}
   (You bought it in a shop on level 2 of the Orcish Mines)

   [amulet of magic regeneration]

   It increases your magic regeneration.
   It affects your intelligence (+6).
   It affects your willpower, your defense against some magical effects.
 b - a +4 ring of protection (right hand)
 h - a +6 ring of strength (left hand)
 H - an uncursed ring of protection from cold
 I - the ring of Butirech {rF- Will+++ Str+2 Dex+4 SInv}
   (You found it on level 8 of the Dungeon)

   [ring of see invisible]

   It affects your strength (+2).
   It affects your dexterity (+4).
   It makes you vulnerable to fire.
   It affects your willpower, your defense against some magical effects.
   It lets you see invisible.
 X - the ring of Understanding {EV+4 Int+3}
   (You found it on level 2 of the Snake Pit)

   [ring of evasion]

   It affects your evasion (+4).
   It affects your intelligence (+3).
Wands
 d - a wand of random effects (11)
 i - a wand of disintegration (31)
 A - a wand of polymorph (42)
 J - a wand of iceblast (10)
 O - a wand of flame (13)
 R - a wand of paralysis (8)
 V - a wand of enslavement (4)
 W - a wand of digging (2)
Scrolls
 e - 4 scrolls of teleportation
 m - 8 scrolls of fog
 n - 8 scrolls of amnesia
 s - 3 scrolls of magic mapping
 x - 4 scrolls of enchant weapon
 z - 5 scrolls of fear
 D - 18 scrolls of identify
 N - a scroll of brand weapon
 P - a scroll of silence
 U - 3 scrolls of enchant armour
Potions
 f - 4 potions of resistance
 j - 10 potions of might
 k - 2 potions of mutation
 o - a potion of ambrosia
 p - 4 potions of magic
 q - 5 potions of flight
 u - 5 potions of attraction
 v - 5 potions of berserk rage
 w - a potion of cancellation
 B - 2 potions of invisibility
 C - 7 potions of haste
 K - 5 potions of lignification
 L - 5 potions of brilliance
Miscellaneous
 S - a lightning rod (3/4)


   Skills:
 + Level 15.2 Fighting
 - Level 11.1(16.2) Polearms
 - Level 4.4(8.5) Staves
 - Level 18.2(20.2) Dodging
 * Level 18.8(20.8) Stealth
 - Level 5.2 Spellcasting
 - Level 10.2 Hexes
 - Level 1.6 Translocations
 - Level 3.0 Air Magic
 - Level 12.1 Evocations


You had 9 spell levels left.
You knew the following spells:

 Your Spells              Type           Power        Failure   Level
a - Cause Fear            Hex            30%          1%          4
b - Slow                  Hex            60%          1%          2
e - Tukima's Dance        Hex            60%          1%          3
q - Ensorcelled Hibernat  Hex/Ice        72%          1%          2
r - Dazzling Flash        Conj/Hex       72%          2%          3
w - Confusing Touch       Hex            60%          1%          3

Your spell library contained the following spells:

 Spells                   Type           Power        Failure   Level
 Corona                   Hex            66%          1%          1
 Portal Projectile        Hex/Tloc       80%          1%          3
 Inner Flame              Hex/Fire       36%          2%          3
 Summon Guardian Golem    Hex/Summ       36%          2%          3
 Freeze                   Ice            28%          7%          1
 Sandblast                Erth           14%          7%          1
 Leda's Liquefaction      Hex/Erth       18%          8%          4
 Passwall                 Tmut/Erth      5%           10%         2
 Silence                  Hex/Air        22%          12%         5
 Frozen Ramparts          Ice            14%          21%         3
 Ozocubu's Armour         Ice            7%           21%         3
 Stone Arrow              Conj/Erth      14%          21%         3
 Hailstorm                Conj/Ice       7%           54%         4
 Petrify                  Tmut/Erth      7%           54%         4
 Summon Ice Beast         Ice/Summ       7%           54%         4
 Irradiate                Conj/Tmut      3%           88%         5
 Lee's Rapid Deconstruct  Erth           3%           88%         5
 Hydra Form               Tmut           3%           100%        6
 Statue Form              Tmut/Erth      4%           100%        6
 Dragon Form              Tmut           3%           100%        7


Dungeon Overview and Level Annotations

Branches:
Dungeon (15/15)            Temple (0/1) D:7            Lair (6/6) D:11
 Shoals (2/4) Lair:2        Snake (4/4) Lair:4        Slime (0/5) Lair:5
    Orc (2/2) D:12            Elf (0/3) Orc:2        Vaults (0/5) D:13
 Depths (0/5) D:15          Sewer (visited)

Altars:
Ashenzari
Cheibriados
Dithmenos
Fedhas
Kikubaaqudgha
Nemelex Xobeh
Okawaru
Qazlal
Ru
Sif Muna
Xom
Yredelemnul
Jiyva

Shops:
D:5 [   D:7 *   D:10 *   D:12 ((=*   D:13 *   Orc:1 (   Orc:2 (=*[

Annotations:
Lair:3 exclusions: downstairs and ice statue
Lair:4 exclusion: downstairs
Lair:5 exclusion: downstairs
Shoals:2 Polyphemus
Snake:1 exclusion: downstairs
Snake:3 exclusion: downstairs


Innate Abilities, Weirdness & Mutations

You are very small and have problems with some larger weapons.
You are too small for most types of armour.
You have supernaturally acute eyesight. (SInv)
You cover ground extremely quickly.
You have a pair of small horns on your head.
You are agile. (Dex +2)
You possess an exceptional clarity of mind.
Your flesh is heat resistant. (rF+)
You have an increased reservoir of magic. (+10% MP)


Message History

Confirm with . or Enter, or press ? or * to list all spells.
Aiming: Ensorcelled Hibernation (safe; 1% risk of failure)
Press: ? - help, Shift-Dir - straight line, f - faun
Aim: a faun, wielding a +0 antimagic quarterstaff and quivering 24 stones (strong, chance to affect: 47%)
The faun resists with some effort.
The faun completely misses you.
Casting: Ensorcelled Hibernation (safe; 1% risk of failure)
Confirm with . or Enter, or press ? or * to list all spells.
Aiming: Ensorcelled Hibernation (safe; 1% risk of failure)
Press: ? - help, Shift-Dir - straight line, f/p - faun
Aim: a faun, wielding a +0 antimagic quarterstaff and quivering 24 stones (strong, chance to affect: 47%)
The faun looks drowsy...
The helpless faun fails to defend itself.
You impale the faun!!
The faun looks as sick as possible!
You headbutt the faun.
The faun is heavily wounded.
You carefully extract the barbed spikes from your body.
You puncture the faun!
The faun is almost dead.
The faun hits you with a +0 antimagic quarterstaff!!
You die...

≈..≈.....≈≈≈≈≈≈......≈≈≈≈≈≈≈≈≈≈≈≈
≈.)......≈≈≈≈≈≈≈......≈≈.≈≈≈≈≈≈≈≈
≈.....##....[)..##.##...≈≈≈≈≈≈≈≈≈
......###..(.....#.###.≈≈≈≈≈≈≈≈≈≈
..##..###...).≈....≈.≈≈≈≈≈≈≈≈≈≈≈≈
.####.......#.≈≈......≈≈≈≈≈≈≈≈≈≈≈
.###.......###.≈≈≈≈...≈≈≈≈≈≈≈≈≈≈≈
........)..###≈≈≈c≈.≈≈≈≈≈≈≈≈≈≈≈≈≈
........#....≈≈≈@≈≈≈≈≈≈≈≈≈≈≈≈≈≈≈≈
≈......##....≈≈≈≈≈≈≈≈≈≈≈≈≈≈≈≈≈≈≈≈
≈P..[..##.≈≈≈≈≈≈≈≈≈≈≈≈≈≈≈≈≈≈≈≈≈≈≈
....P....≈≈≈≈≈≈≈≈≈≈≈≈≈≈≈≈≈≈≈≈≈≈≈≈
.^##..≈≈.≈≈≈≈≈≈≈≈≈≈≈≈≈≈≈≈≈≈≈≈≈≈≈≈
.####....≈≈≈≈≈≈≈≈≈≈≈≈≈≈≈≈≈≈≈≈≈≈≈≈
#.###.....≈≈≈≈≈≈≈≈≈≈≈≈≈≈≈≈≈≈≈≈≈≈≈
#....≈≈≈≈≈≈≈≈≈≈≈≈≈≈≈≈≈≈≈≈≈≈≈.≈≈≈≈
##...≈≈≈≈≈≈≈≈≈≈≈≈≈≈≈≈≈≈≈≈[≈≈..≈≈≈


You could see a faun (strong, extremely poisoned).

Vanquished Creatures
  Vashnia (Snake:4)
  Jorgrun (Snake:2)
  Kirke (Shoals:1)
  Agnes (Lair:4)
  13 nagarajas
  An orc warlord (Orc:2)
  Louise (Shoals:1)
  The ghost of thiole the Eclecticist, a journeyman OpVM of Gozag (Lair:1)
  An ettin (D:15)
  2 merfolk impalers (Shoals:1)
  2 merfolk avatars (Shoals:1)
  9 anacondas
  9 hydras
  Erolcha (D:12)
  A centaur warrior (D:15)
  22 naga warriors
  3 orc high priests (Orc:2)
  7 two-headed ogres
  2 ogre magi (D:15)
  Erica (Lair:1)
  11 death yaks
  2 tengu warriors (D:15)
  6 shock serpents
  15 naga sharpshooters
  A fire crab (Lair:5)
  2 salamander mystics
  3 unseen horrors
  3 sea snakes
  8 naga ritualists
  A wizard (D:13)
  An orc knight (Orc:1)
  A wolf spider zombie (D:15)
  13 harpies (Shoals:1)
  A necromancer (Lair:3)
  3 deep elf magi
  3 fauns
  2 wolf spiders (Lair:6)
  8 mana vipers
  3 cyclopes
  3 manticores
  12 salamanders
  27 ugly things
  6 orc sorcerers
  28 black mambas
  4 merfolk sirens
  6 elephants
  9 guardian serpents
  10 naga magi
  Psyche (D:9)
  Maurice (D:9)
  A centaur zombie (D:11)
  A water nymph (Shoals:1)
  Maggie (D:5)
  2 gargoyles
  14 cane toads
  A rime drake (Lair:2)
  A kobold demonologist (D:11)
  2 freezing wraiths
  10 komodo dragons
  7 trolls
  A troll (shapeshifter) (D:15)
  8 merfolk
  4 polar bears
  3 hornets
  2 tengu conjurers
  21 blink frogs
  2 snapping turtles (Shoals:1)
  12 dream sheep
  2 redbacks (Lair:6)
  2 water elementals
  26 yaks
  A shadow (D:11)
  3 hogs (Shoals:1)
  A vampire (D:14)
  3 wraiths
  11 wyverns
  3 basilisks
  2 steam dragons
  62 nagas
  32 water moccasins
  6 wargs
  A soldier ant (D:13)
  2 acid dragons
  5 sky beasts
  8 ice beasts
  An eye of draining (D:12)
  17 orc warriors
  2 black bears
  2 elephant zombies (Lair:4)
  2 necrophages
  9 ogres
  10 wolves
  4 centaurs
  A big kobold (D:9)
  20 bullfrogs
  A wyvern zombie (D:9)
  A wyvern skeleton (D:14)
  A water moccasin zombie (D:11)
  4 scorpions
  A water moccasin skeleton (D:8)
  7 killer bees
  19 wights
  9 electric eels
  2 howler monkeys (D:9)
  A bullfrog zombie (D:12)
  10 hounds
  7 jellies
  2 quasits (D:9)
  5 bullfrog skeletons
  7 orc priests
  2 basilisk zombies (Lair:4)
  3 iguanas
  6 hell rats (Lair:3)
  13 orc wizards
  10 worker ants
  A hound zombie (D:8)
  3 hound skeletons
  A howler monkey zombie (D:8)
  7 gnolls
  14 adders
  A river rat (D:3)
  A shadow imp (D:5)
  4 white imps
  3 oozes
  3 ufetubi
  An adder zombie (D:5)
  4 adder skeletons
  A worm (D:3)
  4 dart slugs
  6 leopard geckos
  34 orcs
  7 giant cockroaches
  5 goblins
  2 hobgoblins
  3 jackals
  18 kobolds
  7 quokkas
  7 ball pythons
  7 bats
  8 frilled lizards
  14 rats
882 creatures vanquished.

Vanquished Creatures (collateral kills)
  4 naga warriors
  An orc high priest (Orc:2)
  A merfolk siren (Shoals:1)
  2 naga magi
  A rime drake (Lair:6)
  3 merfolk
  13 nagas
  A water moccasin (Lair:6)
  An orc warrior (Orc:2)
  13 wights
  2 orc wizards (D:10)
  2 orcs (D:10)
44 creatures vanquished.

Vanquished Creatures (others)
  A moth of wrath (Lair:1)
  26 dancing weapons
  A yak (Lair:5)
  83 fungi
  200 plants
  2 withered plants (D:3)
313 creatures vanquished.

Grand Total: 1239 creatures vanquished

Notes
Turn   | Place    | Note
-------+----------+-------------------------------------------
     0 | D:1      | teolandon225 the Spriggan Enchanter began the quest for the
                  | Orb.
     0 | D:1      | Reached XP level 1. HP: 9/9 MP: 5/5
   233 | D:1      | Reached XP level 2. HP: 9/13 MP: 6/6
   236 | D:1      | Learned a level 2 spell: Ensorcelled Hibernation
   426 | D:1      | Reached skill level 5 in Stealth
   767 | D:1      | Reached XP level 3. HP: 16/16 MP: 0/8
   771 | D:1      | Learned a level 3 spell: Confusing Touch
  1767 | D:2      | Found a blossoming altar of Fedhas.
  2006 | D:2      | Reached XP level 4. HP: 14/21 MP: 0/9
  2274 | D:3      | Found a glowing drain.
  2303 | D:3      | Reached skill level 5 in Hexes
  2351 | Sewer    | Entered a sewer
  3443 | Sewer    | Reached XP level 5. HP: 24/24 MP: 5/10
  4148 | Sewer    | Reached XP level 6. HP: 11/28 MP: 2/11
  4584 | D:3      | Found a broken altar of Ashenzari.
  4587 | D:3      | Became a worshipper of Ashenzari the Shackled
  4632 | D:3      | Found an ancient bone altar of Kikubaaqudgha.
  5109 | D:3      | Found a sparkling altar of Nemelex Xobeh.
  5109 | D:3      | Found a shimmering blue altar of Sif Muna.
  5321 | D:3      | Found a shadowy altar of Dithmenos.
  5568 | D:4      | Found an iron altar of Okawaru.
  5573 | D:4      | Reached skill level 5 in Dodging
  5799 | D:3      | Learned a level 3 spell: Tukima's Dance
  6043 | D:4      | Reached XP level 7. HP: 32/32 MP: 12/12
  6543 | D:4      | Found a basalt altar of Yredelemnul.
  6655 | D:4      | Reached * piety under Ashenzari
  6830 | D:5      | Entered Level 5 of the Dungeon
  7120 | D:5      | Found Nerioc's Antique Armour Emporium.
  8211 | D:6      | Noticed Maggie
  8558 | D:6      | Found a sacrificial altar of Ru.
  8825 | D:5      | Killed Maggie
  8826 | D:5      | Reached skill level 10 in Stealth
  8826 | D:5      | Reached XP level 8. HP: 13/36 MP: 11/13
  9023 | D:5      | Learned a level 3 spell: Dazzling Flash
  9433 | D:6      | Reached ** piety under Ashenzari
  9637 | D:7      | Found a staircase to the Ecumenical Temple.
 10756 | D:7      | Found Nyblofon's Assorted Antiques.
 10764 | D:7      | Bought an amethyst potion for 21 gold pieces
 10764 | D:7      | Bought a scroll labelled TUEGOE AMET for 24 gold pieces
 10764 | D:7      | Bought a scroll labelled JOITAL VUOMP for 24 gold pieces
 10764 | D:7      | Bought a scroll labelled VEJIFICOCS for 24 gold pieces
 10764 | D:7      | Bought a scroll of remove curse for 72 gold pieces
 11246 | D:8      | Reached XP level 9. HP: 34/39 MP: 7/14
 11767 | D:8      | Found a stormy altar of Qazlal.
 11789 | D:8      | Identified the ring of Butirech {rF- Will+++ Str+2 Dex+4
                  | SInv}
 11809 | D:8      | Reached skill level 10 in Hexes
 12826 | D:9      | Noticed a troll
 12833 | D:9      | Killed a troll
 12834 | D:9      | Reached *** piety under Ashenzari
 13264 | D:9      | Reached XP level 10. HP: 44/44 MP: 1/15
 13507 | D:9      | Noticed Psyche
 13512 | D:9      | Killed Psyche
 13583 | D:9      | Noticed Maurice
 13587 | D:9      | Killed Maurice
 13983 | D:9      | Noticed a five-headed hydra
 13990 | D:9      | Killed a five-headed hydra
 13991 | D:9      | Reached skill level 10 in Dodging
 13991 | D:9      | Reached skill level 15 in Stealth
 14069 | D:9      | Noticed a two-headed ogre
 14070 | D:9      | Killed a two-headed ogre
 14075 | D:9      | Found a snail-covered altar of Cheibriados.
 14139 | D:9      | Found a shimmering altar of Xom.
 14586 | D:10     | Entered Level 10 of the Dungeon
 15040 | D:10     | Found Sesyipn's Assorted Antiques.
 15092 | D:10     | Bought a cyan potion for 17 gold pieces
 15242 | D:10     | Found the amulet of the Air {Inacc +Fly rElec EV+5 RMsl}
 15516 | D:10     | Reached **** piety under Ashenzari
 15948 | D:11     | Noticed a gargoyle
 15966 | D:11     | Killed a gargoyle
 15967 | D:11     | Reached XP level 11. HP: 46/47 MP: 10/16
 16193 | D:11     | Noticed a two-headed ogre
 16196 | D:11     | Killed a two-headed ogre
 16417 | D:11     | Noticed an unseen horror
 16422 | D:11     | Killed an unseen horror
 17060 | D:11     | Identified the cursed +1 ring mail of Hopscotch {Dex+2}
 17061 | D:11     | Noticed a two-headed ogre
 17069 | D:11     | Killed a two-headed ogre
 17785 | D:11     | Found a staircase to the Lair.
 18084 | D:12     | Noticed Erolcha
 18085 | D:12     | Killed Erolcha
 18086 | D:12     | Reached skill level 1 in Fighting
 18086 | D:12     | Reached skill level 1 in Staves
 18087 | D:12     | Found Inil's Antique Weapon Shop.
 18130 | D:12     | Found Agasy's Jewellery Emporium.
 18160 | D:12     | Noticed an unseen horror
 18168 | D:12     | Killed an unseen horror
 18336 | D:12     | Noticed a deep elf mage
 18341 | D:12     | Killed a deep elf mage
 18487 | D:12     | Found Xetaaram's General Store.
 18495 | D:12     | Bought a scroll of blinking for 127 gold pieces
 18495 | D:12     | Bought a scroll of blinking for 127 gold pieces
 18495 | D:12     | Bought a scroll of identify for 34 gold pieces
 18495 | D:12     | Bought a potion of heal wounds for 85 gold pieces
 18535 | D:12     | Noticed a two-headed ogre
 18552 | D:12     | Killed a two-headed ogre
 18620 | D:12     | Found a staircase to the Orcish Mines.
 18684 | D:12     | Found Moepp's Weapon Emporium.
 19220 | Lair:1   | Entered Level 1 of the Lair of Beasts
 19319 | Lair:1   | Found a transporter.
 19470 | Lair:1   | Reached XP level 12. HP: 58/58 MP: 17/17
 19529 | Lair:1   | Noticed Erica
 20263 | Lair:1   | Noticed thiole's ghost (journeyman OpVM)
 20264 | Lair:1   | Identified the ring "Coudoas" {*Slow rPois Will+ Str+6
                  | Stlth+}
 20276 | Lair:1   | Found a transporter.
 20956 | Lair:1   | Killed thiole's ghost
 21094 | Lair:1   | Killed Erica
 21095 | Lair:1   | Reached skill level 5 in Fighting
 21303 | Lair:2   | Noticed a five-headed hydra
 21310 | Lair:2   | Killed a five-headed hydra
 21386 | Lair:2   | Reached skill level 5 in Staves
 21866 | Lair:2   | Reached ***** piety under Ashenzari
 22258 | Lair:2   | Identified the Tome of Malediction
 22401 | Lair:2   | Found a staircase to the Shoals.
 22669 | Lair:3   | Noticed a five-headed hydra
 23755 | Lair:2   | Found a staircase to the Shoals.
 24480 | Lair:3   | Killed a nine-headed hydra
 25648 | Lair:3   | Reduced skill Hexes to level 10
 25648 | Lair:3   | Reached XP level 13. HP: 49/67 MP: 16/18
 26590 | Lair:4   | Reached skill level 1 in Translocations
 27369 | Lair:3   | Reached skill level 5 in Translocations
 28211 | Lair:4   | Found a staircase to the Snake Pit.
 28978 | Lair:4   | Gained mutation: You are somewhat resistant to further
                  | mutation. [potion of mutation]
 28979 | Lair:4   | Lost mutation: You are somewhat resistant to further
                  | mutation. [potion of mutation]
 28979 | Lair:4   | Gained mutation: Your muscles are strong. (Str +2) [potion
                  | of mutation]
 28979 | Lair:4   | Gained mutation: You have large cloven feet. [potion of
                  | mutation]
 28979 | Lair:4   | Gained mutation: You are robust. (+10% HP) [potion of
                  | mutation]
 28980 | Lair:4   | Lost mutation: You have large cloven feet. [potion of
                  | mutation]
 28980 | Lair:4   | Lost mutation: Your muscles are strong. (Str +2) [potion of
                  | mutation]
 28980 | Lair:4   | Lost mutation: You are robust. (+10% HP) [potion of
                  | mutation]
 28980 | Lair:4   | Gained mutation: You are partially covered in large bone
                  | plates. (SH +4) [potion of mutation]
 28980 | Lair:4   | Lost mutation: You are partially covered in large bone
                  | plates. (SH +4) [potion of mutation]
 28980 | Lair:4   | Gained mutation: You possess an exceptional clarity of
                  | mind. [potion of mutation]
 28981 | Lair:4   | Lost mutation: You possess an exceptional clarity of mind.
                  | [potion of mutation]
 28981 | Lair:4   | Gained mutation: You are agile. (Dex +2) [potion of
                  | mutation]
 28981 | Lair:4   | Gained mutation: You tend to lose your temper in combat.
                  | [potion of mutation]
 28981 | Lair:4   | Gained mutation: You are dopey. (Int -2) [potion of
                  | mutation]
 28981 | Lair:4   | Gained mutation: Your system is resistant to poisons.
                  | (rPois) [potion of mutation]
 28982 | Lair:4   | Lost mutation: You are dopey. (Int -2) [potion of mutation]
 28982 | Lair:4   | Lost mutation: You tend to lose your temper in combat.
                  | [potion of mutation]
 28982 | Lair:4   | Lost mutation: You are agile. (Dex +2) [potion of mutation]
 28982 | Lair:4   | Gained mutation: Your body sometimes deteriorates upon
                  | taking damage. [potion of mutation]
 28982 | Lair:4   | Gained mutation: You have a pair of small antennae on your
                  | head. [potion of mutation]
 28982 | Lair:4   | Gained mutation: You are partially covered in iridescent
                  | scales. (AC +2) [potion of mutation]
 28983 | Lair:4   | Lost mutation: Your body sometimes deteriorates upon taking
                  | damage. [potion of mutation]
 28983 | Lair:4   | Lost mutation: You have a pair of small antennae on your
                  | head. [potion of mutation]
 28983 | Lair:4   | Gained mutation: You possess an exceptional clarity of
                  | mind. [potion of mutation]
 28983 | Lair:4   | Gained mutation: You have sharp toenails. [potion of
                  | mutation]
 28983 | Lair:4   | Gained mutation: You passively map a small area around you.
                  | [potion of mutation]
 30387 | Lair:5   | Reached skill level 10 in Fighting
 30980 | Lair:5   | Found a viscous altar of Jiyva.
 30980 | Lair:5   | Found a staircase to the Slime Pits.
 32165 | Lair:6   | Entered Level 6 of the Lair of Beasts
 33668 | Lair:6   | Identified the +7 trident "Etinuj" {venom, rElec Str+6
                  | Dex+4}
 34362 | Lair:6   | Reached XP level 14. HP: 79/79 MP: 19/19
 35002 | Lair:6   | Reached skill level 1 in Translocations
 38230 | Lair:4   | Reached skill level 1 in Polearms
 40036 | Lair:6   | Reached skill level 5 in Polearms
 40414 | Orc:1    | Entered Level 1 of the Orcish Mines
 40415 | Orc:1    | Found Cusohuoh's Antique Weapon Shoppe.
 40497 | Orc:2    | Entered Level 2 of the Orcish Mines
 40656 | Orc:2    | Noticed an orc warlord
 43396 | Orc:2    | Found a staircase to the Elven Halls.
 43920 | Orc:2    | Killed an orc warlord
 46041 | Orc:2    | Found Oziju's General Store.
 46076 | Orc:2    | Found Yffov's Antique Weapon Shoppe.
 46178 | Orc:2    | Found Vifuxzem's Antique Armour Shop.
 46424 | Orc:2    | Bought a scorched lajatang for 600 gold pieces
 46424 | Orc:2    | Identified the cursed +2 lajatang of Zijyuz {holy, Str+2
                  | Dex+3} (You bought it in a shop on level 2 of the Orcish
                  | Mines)
 46632 | Orc:2    | Found Zopham's Jewellery Shoppe.
 46640 | Orc:2    | Bought the amulet "Bulyd" {RegenMP Will+ Int+6} for 717
                  | gold pieces
 47023 | D:13     | Found a gate to the Vaults.
 47032 | D:13     | Reduced skill Staves to level 5
 47093 | D:13     | Found Xatwop's General Store.
 47522 | D:13     | Reached skill level 10 in Polearms
 47592 | D:13     | Found a shadowy altar of Dithmenos.
 47651 | D:13     | Reached XP level 15. HP: 79/85 MP: 18/20
 47933 | D:14     | Identified the +5 plate armour "Borr" {rF+}
 49304 | D:14     | Found the +8 demon trident "Rift" {distort, reach+}
 50575 | D:15     | Entered Level 15 of the Dungeon
 51620 | D:15     | Found a staircase to the Depths.
 52221 | Snake:1  | Entered Level 1 of the Snake Pit
 52392 | Snake:1  | Noticed Agnes
 52873 | Lair:4   | Found a staircase to the Snake Pit.
 52885 | Lair:4   | Killed Agnes
 53492 | Snake:1  | Identified the +3 scale mail of Igudwucs {Will- Regen+
                  | Int+2}
 54047 | Snake:1  | Reached skill level 15 in Dodging
 56906 | Snake:1  | Reached XP level 16. HP: 43/91 MP: 21/21
 57405 | Snake:2  | Identified the ring of Understanding {EV+4 Int+3}
 57455 | Snake:2  | Identified a scroll of acquirement
 57743 | Snake:2  | Acquired a cursed +0 cloak of poison resistance
 58035 | Snake:2  | Lost mutation: Your system is resistant to poisons. (rPois)
                  | [potion of mutation]
 58035 | Snake:2  | Lost mutation: You passively map a small area around you.
                  | [potion of mutation]
 58035 | Snake:2  | Lost mutation: You have sharp toenails. [potion of
                  | mutation]
 58035 | Snake:2  | Lost mutation: You possess an exceptional clarity of mind.
                  | [potion of mutation]
 58035 | Snake:2  | Gained mutation: You are mostly covered in iridescent
                  | scales. (AC +4) [potion of mutation]
 58035 | Snake:2  | Gained mutation: You have an increased reservoir of magic.
                  | (+10% MP) [potion of mutation]
 58035 | Snake:2  | Gained mutation: Your system is resistant to poisons.
                  | (rPois) [potion of mutation]
 58036 | Snake:2  | Lost mutation: You are mostly covered in iridescent scales.
                  | (AC +4) [potion of mutation]
 58036 | Snake:2  | Lost mutation: Your system is resistant to poisons. (rPois)
                  | [potion of mutation]
 58036 | Snake:2  | Lost mutation: You are partially covered in iridescent
                  | scales. (AC +2) [potion of mutation]
 58036 | Snake:2  | Gained mutation: You have a pair of small horns on your
                  | head. [potion of mutation]
 58036 | Snake:2  | Gained mutation: You possess an exceptional clarity of
                  | mind. [potion of mutation]
 58036 | Snake:2  | Gained mutation: Your flesh is heat resistant. (rF+)
                  | [potion of mutation]
 58036 | Snake:2  | Gained mutation: You are agile. (Dex +2) [potion of
                  | mutation]
 59303 | Snake:2  | Reached skill level 1 in Evocations
 59746 | Snake:2  | Noticed Jorgrun
 59863 | Snake:2  | Killed Jorgrun
 61210 | Snake:2  | Reached skill level 5 in Evocations
 63190 | Snake:3  | Reached ****** piety under Ashenzari
 63399 | Snake:4  | Entered Level 4 of the Snake Pit
 67487 | Snake:4  | Reached skill level 10 in Evocations
 69110 | Snake:4  | Learned a level 4 spell: Cause Fear
 69113 | Snake:4  | Learned a level 2 spell: Slow
 71127 | Snake:4  | Reached XP level 17. HP: 87/96 MP: 20/24
 73172 | Snake:4  | Got a serpentine rune of Zot
 73327 | Snake:4  | Noticed Vashnia
 74768 | Snake:4  | Reached skill level 1 in Air Magic
 75079 | Snake:4  | Killed Vashnia
 79291 | Snake:4  | Glimpsed the power of Zot.
 79475 | Shoals:1 | Entered Level 1 of the Shoals
 81112 | Shoals:1 | Noticed Kirke
 81588 | Shoals:1 | Killed Kirke
 82245 | Shoals:1 | Reached skill level 5 in Air Magic
 82783 | Shoals:1 | Reached skill level 5 in Spellcasting
 83021 | Shoals:1 | Noticed Louise
 83050 | Shoals:2 | HP: 4/98 [faun/+0 club (16)]
 83931 | Shoals:1 | Killed Louise
 84377 | Shoals:1 | Reached skill level 15 in Fighting
 84977 | Shoals:2 | Noticed Polyphemus
 85491 | Shoals:2 | HP: 4/99 [barbs]
 85496 | Shoals:1 | Slain by a faun

Illustrated notes

Levels and vault maps discovered:
D:1:      lightli_arrival_noodles, layout_loops_ring, minmay_tromino_mix6
D:2:      layout_rooms, fedhas_altar_3
D:3:      layout_loops_ring, kiku_gazebo_garden_becter,
          ashenzari_conservatory_becter, overflow_temple_1_default,
          chequers_temple_overflow_statue_of_worship,
          cheibrodos_sewer_entry_sluice
D:4:      layout_basic, general_overflow_altar, lemuel_crystal_altar,
          glass_columns_b, minmay_close_crescents
D:5:      layout_basic, serial_shops, nicolae_shop_crystal, saegor_snake_ambush
D:6:      layout_loops_cross, nicolae_overflow_hidden_temple, uniq_maggie
D:7:      layout_loops_ring, minmay_temple_entry_slanted, serial_shops, shop
D:8:      layout_layer_cave, nicolae_qazlal_style_of_elements
D:9:      minmay_chambers_of_sixes, layout_long_grid, marbit_many_paths,
          xom_teletrap_fun, uniq_psyche, uniq_maurice
D:10:     layout_loops_ring, serial_shops, shop_fountains
D:11:     layout_roguey, erik_lair_dragon
D:12:     layout_roguey, orc_0_dummy, serial_shops, nicolae_shop_crystal,
          shop_fountains, shop, shop_statue, serial_bayou,
          serial_bayou_lagoon_a, serial_bayou_pond_a, serial_bayou_ford_a,
          serial_bayou_pond_c, uniq_erolcha
D:13:     layout_long_grid, david_vaults_1, serial_shops,
          nicolae_shop_statue_plus, lemuel_tele_altar
D:14:     layout_cave_pods, solitary_fountain
D:15:     hangedman_depths_entry_civil_slaughter, layout_irregular_city,
          minmay_misc_feat_pillars
Lair:1:   layout_loops_ring, gammafunk_ghost_berserking_beasts, uniq_erica
Lair:2:   layout_roguey, minmay_shoals_entry_lonely_mermaid
Lair:3:   layout_regular_city, ice2_lemuel
Lair:4:   pond_and_an_island_with_a_cottage, layout_cave_shapes,
          minmay_snake_entry_spellcaster
Lair:5:   layout_gridlike, slime_altar_1, st_stairs_9
Lair:6:   hangedman_lair_tendril_chambers, layout_regular_city,
          nicolae_lair_yak_garden, grunt_megastairs_1
Shoals:1: layout_shoals, portal_ice_cave_entry_pillars_four, uniq_kirke,
          uniq_louise
Shoals:2: layout_shoals, uniq_polyphemus
Snake:1:  minmay_snake_river, layout_basic, nicolae_snake_linked_coils,
          uniq_agnes
Snake:2:  layout_onion, uniq_jorgrun
Snake:3:  layout_chambers
Snake:4:  grunt_snake_rune_spirals, layout_onion_interference, uniq_vashnia
Orc:1:    layout_diamond_mine, serial_shops, nicolae_shop_trees,
          nooodl_orcs_dogs
Orc:2:    grunt_orc_gardens, layout_diamond_mine, grunt_orc_garden,
          grunt_orc_garden, grunt_orc_garden, grunt_orc_garden

Skill      XL: |  1  2  3  4  5  6  7  8  9 10 11 12 13 14 15 16 17 |
---------------+----------------------------------------------------+-----
Hexes          | 4 5 6 8 9 11 12 13 10 | 10.2
Stealth        | 5 6 7 8 10 12 14 16 17 18 | 18.8
Dodging        | 4 5 6 8 9 11 15 18 | 18.2
Fighting       | 3 7 11 12 13 15 | 15.2
Staves         | 3 9 4 |  4.4
Translocations | 0 1 |  1.6
Short Blades   | 0 |  0.0
Polearms       | 10 11 | 11.1
Evocations     | 11 12 | 12.1
Air Magic      | 3 |  3.0
Spellcasting   | 5 |  5.2

Action                   |  1- 3 |  4- 6 |  7- 9 | 10-12 | 13-15 | 16-18 || total
-------------------------+-------+-------+-------+-------+-------+-------++-------
Melee: Dagger            |    86 |   121 |   179 |   363 |       |       ||   749
       Lajatang          |       |       |    10 |   195 |  1699 |       ||  1904
       Kick              |       |       |       |       |   655 |    26 ||   681
       Trident           |       |       |       |       |   513 |  1607 ||  2120
       Headbutt          |       |       |       |       |       |   354 ||   354
 Cast: Corona            |     5 |       |       |       |       |       ||     5
       Ensorcelled Hiber |    46 |    51 |    62 |   166 |   285 |   140 ||   750
       Confusing Touch   |       |     5 |    16 |    29 |    58 |    23 ||   131
       Tukima's Dance    |       |       |     7 |    15 |    33 |   222 ||   277
       Dazzling Flash    |       |       |     1 |     7 |    54 |    16 ||    78
       Cause Fear        |       |       |       |       |       |     3 ||     3
       Slow              |       |       |       |       |       |     3 ||     3
Invok: Curse Item        |       |     1 |     2 |     3 |     1 |       ||     7
       Transfer Knowledg |       |       |       |     1 |     4 |     1 ||     6
       Scrying           |       |       |       |       |       |     1 ||     1
Evoke: Wand              |       |       |       |    10 |    35 |    33 ||    78
       Lightning rod     |       |       |       |       |       |     9 ||     9
  Use: Scroll            |     4 |     9 |    18 |     7 |    12 |    19 ||    69
       Potion            |       |     2 |       |     1 |    15 |    14 ||    32
 Stab: Sleeping          |    36 |    34 |    70 |   127 |   162 |    54 ||   483
       Confused          |       |     5 |    16 |    28 |   134 |    52 ||   235
       Invisible         |       |       |       |     5 |    39 |     7 ||    51
       Distracted        |       |       |       |       |     7 |    10 ||    17
       Paralysed         |       |       |       |       |     4 |     2 ||     6
       Fleeing           |       |       |       |       |       |     1 ||     1
Armor: Robe              |     4 |     3 |    11 |    35 |    82 |   103 ||   238
Dodge: Dodged            |    62 |   109 |   170 |   555 |  2100 |  1589 ||  4585
       Repelled          |       |       |       |     3 |     9 |       ||    12
